 Dungeon Crawl Stone Soup version 0.27-a0-287-gd4424db430 (webtiles) character file.

Game seed: 4953713167447728242

16477 HoaS the Cruncher (level 12, -24/77 HPs)
             Began as a Gargoyle Gladiator on Feb 8, 2021.
             Was a High Priest of Okawaru.
             Annihilated by a very large slime creature (27 damage)
             ... on level 3 of the Lair of Beasts.
             The game lasted 00:27:50 (11505 turns).

HoaS the Cruncher (Gargoyle Gladiator)             Turns: 11505, Time: 00:27:51

Health: -24/77     AC: 31    Str: 18    XL:     12   Next: 37%
Magic:  17/17      EV: 12    Int: 10    God:    Okawaru [*****.]
Gold:   528        SH:  0    Dex: 13    Spells: 11/11 levels left

rFire    + . .     SeeInvis .   w - +6 lajatang (spect)
rCold    + . .     Faith    .   (shield currently unavailable)
rNeg     + + .     Spirit   .   N - +5 scale mail of the Tundras {rElec rN+}
rPois    ∞         Reflect  .   x - +2 helmet
rElec    +         Harm     .   y - +1 cloak
rCorr    .         Rampage  .   m - +1 pair of gloves
Will     .....                  A - +1 pair of boots
Stlth    ..........             g - amulet of regeneration
HPRegen  0.62/turn              B - ring of protection from fire
MPRegen  0.15/turn              G - ring of protection from cold

@: no status effects
A: negative energy resistance 1, electricity resistance, weak 1, unbreathing,
petrification resistance, miasma immunity, subdued magic 1, AC +8
a: Renounce Religion, Heroism, Finesse


You were on level 3 of the Lair of Beasts.
You worshipped Okawaru.
Okawaru was extremely pleased with you.
You visited 3 branches of the dungeon, and saw 14 of its levels.

You collected 1050 gold pieces.
You spent 522 gold pieces at shops.

Inventory:

Hand Weapons
 e - a +1 quarterstaff
 q - a +0 shortbow of flaming
 w - a +6 spectral lajatang (weapon)
Missiles
 b - 4 javelins
 d - 3 throwing nets (quivered)
 h - 28 poisoned darts
 j - 206 arrows
 k - 17 boomerangs
 D - 8 boomerangs of dispersal
 E - 2 atropa-tipped darts
 H - 10 curare-tipped darts
 L - 4 datura-tipped darts
Armour
 m - a +1 pair of gloves (worn)
 x - a +2 helmet (worn)
 y - a +1 cloak (worn)
 A - a +1 pair of boots (worn)
 N - the +5 scale mail of the Tundras (worn) {rElec rN+}
   (You found it on level 1 of the Lair of Beasts)

   It insulates you from electricity.
   It protects you from negative energy.
Jewellery
 g - an amulet of regeneration (around neck)
 B - a ring of protection from fire (left hand)
 G - a ring of protection from cold (right hand)
Wands
 c - a wand of iceblast (6)
 s - a wand of flame (50)
 F - a wand of polymorph (12)
 M - a wand of paralysis (17)
Scrolls
 a - 5 scrolls of enchant armour
 i - 11 scrolls of teleportation
 r - a scroll of remove curse
 z - a scroll of magic mapping
 K - 2 scrolls of fog
 P - 4 scrolls of identify
 R - a scroll of immolation {unknown}
Potions
 f - 5 potions of magic {unknown}
 l - a potion of invisibility
 n - 4 potions of heal wounds
 o - 7 potions of flight
 p - a potion of berserk rage {unknown}
 t - 7 potions of curing
 u - 2 potions of mutation {unknown}
 v - 2 potions of haste {unknown}
 C - a potion of lignification {unknown}
 I - a potion of brilliance {unknown}
 J - 3 potions of attraction {unknown}
 O - a potion of ambrosia {unknown}
 Q - a potion of might {unknown}


   Skills:
 * Level 9.7 Fighting
 - Level 14.0 Staves
 - Level 2.0 Bows
 - Level 1.7 Throwing
 + Level 6.5 Armour
 + Level 5.6 Dodging
 + Level 7.3 Invocations


You had 11 spell levels left.
You didn't know any spells.
Your spell library contained the following spells:

 Spells                   Type           Power        Failure   Level
 Animate Skeleton         Necr           0%           67%         1
 Apportation              Tloc           0%           67%         1
 Beastly Appendage        Tmut           0%           67%         1
 Corona                   Hex            0%           67%         1
 Foxfire                  Conj/Fire      0%           67%         1
 Pain                     Necr           0%           67%         1
 Shock                    Conj/Air       0%           67%         1
 Sting                    Tmut/Pois      0%           67%         1
 Summon Small Mammal      Summ           0%           67%         1
 Poisonous Vapours        Pois/Air       0%           82%         2
 Swiftness                Air            0%           82%         2
 Wereblood                Tmut           0%           82%         2
 Conjure Flame            Conj/Fire      0%           96%         3
 Ignite Poison            Fire/Tmut/Pois 0%           96%         3
 Inner Flame              Hex/Fire       0%           96%         3
 Mephitic Cloud           Conj/Pois/Air  0%           96%         3
 Spider Form              Tmut/Pois      0%           96%         3
 Static Discharge         Conj/Air       0%           96%         3
 Vampiric Draining        Necr           0%           96%         3
 Airstrike                Air            0%           100%        4
 Animate Dead             Necr           0%           100%        4
 Ice Form                 Ice/Tmut       0%           100%        4
 Olgreb's Toxic Radiance  Pois           0%           100%        4
 Sticky Flame             Conj/Fire      0%           100%        4
 Agony                    Necr           0%           100%        5
 Blade Hands              Tmut           0%           100%        5
 Fireball                 Conj/Fire      0%           100%        5
 Lightning Bolt           Conj/Air       0%           100%        5


Dungeon Overview and Level Annotations

Branches:
Dungeon (10/15)            Temple (1/1) D:5            Lair (3/6) D:10
  Swamp: Lair:2-4    Shoals: Lair:2-4     Snake: Lair:2-4    Spider: Lair:2-4
    Orc: D:9-12

Altars:
Ashenzari
Cheibriados
Dithmenos
Elyvilon
Fedhas
Gozag
Hepliaklqana
Makhleb
Nemelex Xobeh
Okawaru
Qazlal
Ru
Sif Muna
Trog
Uskayaw
Vehumet
Wu Jian
Xom
Yredelemnul
Zin
The Shining One
Jiyva
Lugonu

Shops:
D:5 *   D:6 (   D:7 *   D:8 :   D:10 *

Annotations:
D:6 Prince Ribbit
Lair:3 Anon1729's ghost, journeyman FeTm


Innate Abilities, Weirdness & Mutations

You are resistant to torment.
Your stone body is resilient. (AC +8)
You are immune to poison.
You resist negative energy. (rN+)
You are resistant to electric shocks. (rElec)
You can survive without breathing.
You are immune to petrification.
You are immune to miasma.
You are weak. (Str -2)
Your spells are a little easier to cast, but a little less powerful.


Message History

The jelly hits you but does no damage. The jelly completely misses you.
The large slime creature hits you but does no damage.
The jelly hits you but does no damage. The large slime creature hits you!
The jelly hits you but does no damage.
Anon1729's ghost casts a spell.
The large slime creature hits you but does no damage.
Two slime creatures merge to form a very large slime creature.
The jelly hits you but does no damage. The jelly hits you but does no damage.
The jelly barely misses you.
The very large slime creature hits you!!
The jelly barely misses you.
The very large slime creature closely misses you.
The jelly hits you but does no damage.
The jelly jiggles.
The very large slime creature hits you!!!
* * * LOW HITPOINT WARNING * * *
The very large slime creature hits you!!
You die...

#####.....P.#..#########.#.....P.
.................................
....######...#...###.####......#.
....######.###....##.####.....###
...P#.......##..#.......#......##
.†........<.##.................##
...+.........#..##.....##........
....#.......#...##.....#......##.
.[..####P#####..@WJ....##.....###
.....#####.##..##JJ'##.##.....# #
..............##JJ...##.#.....###
..............#.Y.....###......#.
..............#.......#..........
..............#.......#..........
..............##..?$.##..........
..........>....##:_"##...........
................#####.........#.#


You could see a very large slime creature, an ice beast (summoned), 4 jellies
and Anon1729's ghost.

Vanquished Creatures
  2 hydras
  Sonja (Lair:1)
  A black mamba (Lair:2)
  An elephant (Lair:3)
  A torpor snail (Lair:2)
  7 cane toads
  A rime drake (Lair:3)
  3 komodo dragons
  2 trolls
  Grinder (D:6)
  2 polar bears
  3 wyverns
  4 humans (D:9)
  12 yaks
  2 basilisks (Lair:3)
  Edmund (D:6)
  8 water moccasins
  2 ice beasts
  A sky beast (D:5)
  4 orc warriors
  A black bear (Lair:1)
  13 wolves
  A centaur (D:9)
  6 ogres
  A phantom (D:5)
  A kobold brigand (D:9)
  12 bullfrogs
  2 scorpions (D:9)
  12 killer bees
  3 wights (D:6)
  An electric eel (Lair:2)
  2 howler monkeys (D:7)
  3 vampire bats (Lair:3)
  A bullfrog zombie (D:8)
  2 centaur zombies
  6 hounds
  4 orc priests
  2 centaur skeletons
  A bullfrog skeleton (D:9)
  2 jellies
  9 orc wizards
  4 worker ants
  2 hound zombies
  2 hound skeletons
  A worker ant zombie (D:8)
  10 adders
  2 shadow imps
  3 white imps
  3 ufetubi
  2 oozes
  5 worms (D:3)
  2 dart slugs
  3 leopard geckos
  49 orcs
  2 ball pythons
  7 giant cockroaches
  10 goblins
  9 hobgoblins
  11 jackals
  16 kobolds
  5 quokkas
  14 bats
  3 frilled lizards
  11 rats
320 creatures vanquished.

Vanquished Creatures (others)
  8 fungi
  9 plants
17 creatures vanquished.

Grand Total: 337 creatures vanquished

Notes
Turn   | Place    | Note
-------+----------+-------------------------------------------
     0 | D:1      | HoaS the Gargoyle Gladiator began the quest for the Orb.
     0 | D:1      | Reached XP level 1. HP: 12/12 MP: 1/1
    60 | D:1      | Reached XP level 2. HP: 10/17 MP: 2/2
   426 | D:1      | Reached skill level 4 in Staves
   523 | D:1      | Reached XP level 3. HP: 18/21 MP: 3/3
  1308 | D:2      | Reached XP level 4. HP: 24/26 MP: 4/4
  1427 | D:2      | Found a sacrificial altar of Ru.
  1649 | D:2      | Found a shimmering blue altar of Sif Muna.
  1788 | D:2      | Found an opulent altar of Gozag.
  1879 | D:2      | Noticed an ice beast
  1892 | D:2      | Killed an ice beast
  1893 | D:2      | Reached skill level 6 in Staves
  1893 | D:2      | Reached XP level 5. HP: 30/30 MP: 5/5
  1893 | D:2      | Found a blossoming altar of Fedhas.
  2324 | D:3      | Reached XP level 6. HP: 35/35 MP: 6/6
  2792 | D:3      | Reached skill level 7 in Staves
  3564 | D:4      | Found a white marble altar of Elyvilon.
  3875 | D:5      | Entered Level 5 of the Dungeon
  3943 | D:5      | Reached XP level 7. HP: 39/40 MP: 7/7
  3945 | D:5      | Found Gozag's Platinum Reserve.
  3991 | D:5      | Found a staircase to the Ecumenical Temple.
  4029 | Temple   | Entered the Ecumenical Temple
  4110 | D:5      | Reached skill level 8 in Staves
  4353 | D:5      | Found an opulent altar of Gozag.
  4493 | D:5      | Got a translucent turquoise ring
  4629 | D:5      | Found a shadowy altar of Dithmenos.
  4785 | D:6      | Reached skill level 9 in Staves
  4804 | D:5      | Reached XP level 8. HP: 31/44 MP: 8/8
  4959 | D:6      | Found a radiant altar of Vehumet.
  5081 | D:5      | Reached skill level 10 in Staves
  5211 | D:6      | Noticed Grinder
  5212 | D:6      | Noticed Edmund
  5233 | D:6      | Killed Edmund
  5242 | D:6      | Paralysed by Grinder for 2 turns
  5260 | D:6      | Killed Grinder
  5318 | D:6      | Reached skill level 11 in Staves
  5395 | D:6      | Found a hide-covered altar of Uskayaw.
  5418 | D:6      | Noticed Prince Ribbit
  5626 | D:6      | Found Matieseaca's Antique Weapon Shoppe.
  5801 | D:7      | Found Letwuguc's Assorted Antiques.
  5807 | D:7      | Reached XP level 9. HP: 48/48 MP: 9/9
  5993 | D:7      | Found a burning altar of Makhleb.
  5997 | D:7      | Found a sparkling altar of Nemelex Xobeh.
  5998 | D:7      | Found a bloodstained altar of Trog.
  6115 | D:7      | Reached skill level 12 in Staves
  6136 | D:7      | Found a hazy altar of Hepliaklqana.
  6171 | D:7      | Found an iron altar of Okawaru.
  6196 | D:7      | Became a worshipper of Warmaster Okawaru
  6339 | D:7      | Reached skill level 1 in Invocations
  6682 | D:8      | Found Sutac's Book Shop.
  6883 | D:8      | Reached * piety under Okawaru
  7367 | D:6      | Bought a glowing lajatang for 522 gold pieces
  7370 | D:6      | Identified the ring of Girr {*Tele Str-5 Dex+4 SInv} (You
                  | found it on level 5 of the Dungeon)
  7434 | D:9      | Noticed a troll
  7440 | D:9      | Killed a troll
  7441 | D:9      | Reached skill level 13 in Staves
  7455 | D:9      | Reached XP level 10. HP: 53/53 MP: 12/12
  7482 | D:9      | Reached ** piety under Okawaru
  7563 | D:9      | Reached skill level 14 in Staves
  7691 | D:9      | Reached skill level 1 in Armour
  8007 | D:10     | Entered Level 10 of the Dungeon
  8072 | D:10     | Found Efeguig's Assorted Antiques.
  8160 | D:10     | Found a staircase to the Lair.
  9014 | Lair:1   | Entered Level 1 of the Lair of Beasts
  9058 | Lair:1   | Noticed a cane toad
  9067 | Lair:1   | Killed a cane toad
  9067 | Lair:1   | Reached *** piety under Okawaru
  9273 | Lair:1   | Got an encrusted scale mail
  9275 | Lair:1   | Got a smouldering leather armour
  9276 | Lair:1   | Identified the +5 scale mail of the Tundras {rElec rN+}
                  | (You found it on level 1 of the Lair of Beasts)
  9295 | Lair:1   | Noticed an eight-headed hydra
  9314 | Lair:1   | Killed a nine-headed hydra
  9315 | Lair:1   | Reached skill level 5 in Fighting
  9315 | Lair:1   | Reached XP level 11. HP: 37/64 MP: 11/14
  9318 | Lair:1   | Reached **** piety under Okawaru
  9358 | Lair:1   | Reached skill level 5 in Invocations
  9444 | Lair:1   | Noticed Sonja
  9470 | Lair:1   | Killed Sonja
  9717 | Lair:2   | Reached ***** piety under Okawaru
  9718 | Lair:2   | Reached skill level 1 in Bows
  9804 | Lair:2   | You fall into a shaft and drop 1 floor!
  9912 | Lair:3   | Found a runed translucent gate.
  9912 | Lair:3   | Found a runed translucent gate.
 10314 | Lair:2   | Reached skill level 5 in Armour
 10321 | Lair:2   | Received a gift from Okawaru
 10610 | Lair:3   | Found a runed translucent gate.
 10610 | Lair:3   | Noticed Anon1729's ghost (journeyman FeTm)
 10613 | Lair:3   | Found a viscous altar of Jiyva.
 10739 | Lair:3   | Reached skill level 5 in Dodging
 10747 | Lair:3   | Reached XP level 12. HP: 52/75 MP: 16/16
 11035 | Lair:3   | Noticed an eight-headed hydra
 11056 | Lair:3   | Killed an eight-headed hydra
 11056 | Lair:3   | Received a gift from Okawaru
 11076 | Lair:3   | Gained mutation: You are weak. (Str -2) [mutagenic glow]
 11122 | Lair:3   | Gained mutation: Your spells are a little easier to cast,
                  | but a little less powerful. [mutagenic glow]
 11504 | Lair:3   | HP: 3/77 [very large slime creature (38)]
 11505 | Lair:3   | Annihilated by a very large slime creature

Illustrated notes

Levels and vault maps discovered:
D:1:      dpeg_arrival_subterranean_lakeside_camping, layout_basic,
          minmay_misc_feat_tiny, minmay_strange_pillars, grunt_decor_clamped,
          serial_park_tiny_pond, corner_web_ring, minmay_octomino_c4
D:2:      layout_basic, led_sif_pool, lemuel_doored_altar, fedhas_altar_3,
          nicolae_ru_sacrificial_ziggurat
D:3:      layout_basic, grunt_ministairs_15
D:4:      layout_loops_ring, kennysheep_little_box, minmay_ruptured
D:5:      layout_basic, lemuel_coloured_pillars_altar,
          minmay_temple_entry_offerings, serial_bayou_pond_c,
          nicolae_gozag_zags_fifth_avenue
D:6:      layout_basic, overflow_temple_1_default, overflow_temple_1_default,
          nicolae_overflow_hidden_temple, serial_shops, kennysheep_mini,
          small_statue_intersection, uniq_prince_ribbit1, uniq_grinder,
          uniq_edmund
D:7:      layout_basic, minitemple, okawaru_gym_becter, lemuel_round_altar,
          serial_shops, nicolae_shop_stone
D:8:      layout_basic, serial_shops, shop
D:9:      layout_roguey, minmay_ruffians
D:10:     layout_basic, lair_entry_dummy, serial_shops, shop
Temple:   corrupted_temple
Lair:1:   layout_long_grid, chequers_serial_rivers_room_a, uniq_sonja,
          uniq_fannar
Lair:2:   wander_river, layout_small_grid, serial_bayou_shore_a,
          lemuel_fruit_fields
Lair:3:   layout_regular_city, gammafunk_ghost_ooze, roderic_batcave,
          hangedman_lair_generics_rect, serial_bayou_shore_b

Skill      XL: |  1  2  3  4  5  6  7  8  9 10 11 12 |
---------------+-------------------------------------+-----
Staves         | 4 6 7 9 11 13 14 | 14.0
Invocations    | 3 4 6 7 |  7.3
Armour         | 3 5 6 |  6.5
Fighting       | 5 8 9 |  9.7
Dodging        | 3 5 |  5.6
Bows           | 2 |  2.0
Throwing       | |  1.7

Action                   |  1- 3 |  4- 6 |  7- 9 | 10-12 || total
-------------------------+-------+-------+-------+-------++-------
Melee: Quarterstaff      |   140 |   203 |   475 |    28 ||   846
       Lajatang          |       |       |     4 |   284 ||   288
 Fire: Shortbow          |       |       |       |     3 ||     3
Throw: Throwing net      |       |       |     4 |     3 ||     7
Invok: Heroism           |       |       |     1 |     1 ||     2
Evoke: Wand              |       |       |     2 |       ||     2
  Use: Scroll            |     6 |     3 |     8 |     6 ||    23
 Stab: Held in net/web   |       |       |     2 |     2 ||     4
       Distracted        |       |       |       |     2 ||     2
Armor: Leather armour    |    44 |       |       |       ||    44
       Scale mail        |    31 |    18 |       |   173 ||   222
       Chain mail        |       |   138 |   313 |    34 ||   485
       Plate armour      |       |       |       |    41 ||    41
Dodge: Dodged            |   110 |    83 |   157 |   177 ||   527

Table legend: (Time is in decaauts)
 A = Elapsed time spent in this place.
 B = Non-inter-level travel time spent in this place.
 C = Inter-level travel time spent in this place.
 D = Time resting spent in this place.
 E = Time spent auto-exploring this place.
 F = Levels seen in this place.
 G = Mean time per level.
                   A        B        C        D        E       F      G
               +--------+--------+--------+--------+--------+-----+--------+
         Total |  11342 |  10812 |    530 |    706 |   7951 |  14 |  810.1 |
       Dungeon |   8832 |   8334 |    498 |    627 |   6043 |  10 |  883.2 |
        Temple |     52 |     40 |     12 |      0 |     39 |   1 |   52.0 |
          Lair |   2457 |   2437 |     20 |     79 |   1868 |   3 |  819.0 |
               +--------+--------+--------+--------+--------+-----+--------+

Top non-repeatable levels by time:
     D:1: 1266 daAuts
     D:3: 1126 daAuts
    D:10: 995 daAuts
  Lair:3: 990 daAuts
     D:5: 980 daAuts
     D:6: 888 daAuts
  Lair:2: 880 daAuts
     D:2: 781 daAuts
     D:8: 769 daAuts
     D:7: 763 daAuts
     D:4: 715 daAuts
  Lair:1: 586 daAuts
     D:9: 545 daAuts
  Temple: 52 daAuts
